 Dungeon Crawl Stone Soup version 0.23.2-40-g277498a (webtiles) character file.

Game seed: 12166510144623846551

22 CrazyJ the Vexing (level 2, -1/16 HPs)
             Began as a Deep Elf Arcane Marksman on Sept 9, 2019.
             Killed by nerve-wracking pain
             ... invoked by Jessica
              (14 damage)
             ... on level 2 of the Dungeon.
             The game lasted 00:06:08 (686 turns).

CrazyJ the Vexing (Deep Elf Arcane Marksman)         Turns: 686, Time: 00:06:10

Health: -1/16      AC:  3    Str:  7    XL:     2   Next: 68%
Magic:  3/6        EV: 13    Int: 17    God:
Gold:   44         SH:  0    Dex: 15    Spells: 1/4 levels left

rFire    . . .     SeeInvis .   a - +0 shortbow
rCold    . . .     Gourm    .   (shield currently unavailable)
rNeg     . . .     Faith    .   e - +0 robe
rPois    .         Spirit   .   (no helmet)
rElec    .         Reflect  .   q - +0 cloak
rCorr    .         Harm     .   (no gloves)
MR       .....                  (no boots)
Stlth    +.........             (no amulet)
HPRegen  0.05/turn              (no ring)
MPRegen  0.10/turn              (no ring)

@: no status effects
A: no striking features
a: no special abilities


You were on level 2 of the Dungeon.
You were not hungry.

You visited 1 branch of the dungeon, and saw 2 of its levels.

You collected 44 gold pieces.

Inventory:

Hand Weapons
 a - a +0 shortbow (weapon)
 h - a +0 whip
Missiles
 d - 6 arrows (quivered)
 j - 23 stones
 r - 11 poisoned needles
Armour
 e - a +0 robe (worn)
 q - a +0 cloak (worn)
Scrolls
 b - a scroll of blinking {unknown}
 g - a scroll of immolation {unknown}
 i - a scroll of fog {unknown}
 k - 2 scrolls of identify {unknown}
 l - 2 scrolls of remove curse {unknown}
 m - a scroll of teleportation {unknown}
 o - a scroll of noise {unknown}
 p - a scroll of fear {unknown}
Potions
 n - a potion of curing {unknown}
Comestibles
 f - 2 rations


   Skills:
 + Level 0.9 Fighting
 + Level 2.6 Bows
 + Level 2.7 Dodging
 + Level 1.9 Spellcasting
 + Level 4.6 Hexes


You had one spell level left.
You knew the following spells:

 Your Spells              Type           Power        Failure   Level  Hunger
a - Corona                Hex            ###....      3%          1    #......
b - Slow                  Hex            ###.....     4%          2    ###....

Your spell library contained the following spells:

 Spells                   Type           Power        Failure   Level  Hunger
 Inner Flame              Hex/Fire       #.......     22%         3    ###....
 Portal Projectile        Hex/Tloc       #.....       22%         3    ###....
 Cause Fear               Hex            ###.......   28%         4    #####..
 Leda's Liquefaction      Hex/Erth       #.........   58%         4    #####..


Dungeon Overview and Level Annotations

Branches:
Dungeon (2/15)

Altars:

Annotations:
D:2 Jessica


Message History

Jessica hits you with a +0 dagger.
All of the chunks of flesh in your inventory have rotted away.
Firing (i - inventory. (/) - cycle)
d - 8 arrows (quivered)
Press: ? - help, Shift-Dir - straight line, f/p - Jessica
Aim: Jessica, wielding a +0 dagger and wearing a +2 robe (severely wounded, softly glowing)
You shoot an arrow.
The arrow hits Jessica but does no damage.
Jessica is severely wounded.
Jessica gestures wildly while chanting.
Jessica seems to speed up.
Jessica closely misses you.
Firing (i - inventory. (/) - cycle)
d - 7 arrows (quivered)
Press: ? - help, Shift-Dir - straight line, f/p - Jessica
Aim: Jessica, wielding a +0 dagger and wearing a +2 robe (severely wounded, fast, softly glowing)
You shoot an arrow. The arrow hits Jessica.
Jessica is almost dead.
Jessica stops glowing.
Jessica points at you and mumbles some strange words.
Pain shoots through your body!
Ouch! That really hurt!
You die...

##### #...#
#####+#<#
#.....@.#
#.....l@#
#.......(.#
#.......#....
#######.#.....
#.# .... #.#
...( #.. ..(


You could see Jessica and a leopard gecko.

Vanquished Creatures
  A dart slug (D:1)
  A ball python (D:1)
  3 bats (D:1)
  A giant cockroach (D:1)
  A goblin (D:1)
  A hobgoblin (D:1)
  2 jackals (D:1)
  4 frilled lizards (D:1)
  3 kobolds (D:1)
  2 rats (D:1)
19 creatures vanquished.

Notes
Turn   | Place    | Note
-------+----------+-------------------------------------------
     0 | D:1      | CrazyJ the Deep Elf Arcane Marksman began the quest for the
                  | Orb.
     0 | D:1      | Reached XP level 1. HP: 11/11 MP: 5/5
   172 | D:1      | Reached XP level 2. HP: 10/16 MP: 3/6
   230 | D:1      | Learned a level 2 spell: Slow
   674 | D:2      | Noticed Jessica
   686 | D:2      | Killed from afar by Jessica

Action                   || total
-------------------------++-------
 Fire: Shortbow          ||    54
 Cast: Corona            ||     7
       Slow              ||     2
Armor: Robe              ||     7
Dodge: Dodged            ||    26
